 Dungeon Crawl Stone Soup version 0.19.0-24-gb05acd6 (webtiles) character file.

143 Patate the Skirmisher (level 5, -2/59 HPs)
             Began as an Ogre Hunter on Nov 21, 2016.
             Killed by divine providence
             ... invoked by an orc priest
              (15 damage)
             ... on level 4 of the Dungeon.
             The game lasted 00:08:18 (3174 turns).

Patate the Skirmisher (Ogre Hunter)                 Turns: 3174, Time: 00:08:19

Health: -2/59      AC:  4    Str: 20    XL:     5   Next: 25%
Magic:  5/5        EV: 10    Int: 10    God:
Gold:   120        SH:  0    Dex: 11    Spells: 0 memorised, 4 levels left

rFire  . . .     SeeInvis .     a - +1 short sword
rCold  . . .     Gourm    .     b - +0 robe
rNeg   . . .     Faith    .     (no shield)
rPois  .         Spirit   .     e - +0 hat
rElec  .         Reflect  .     i - +0 cloak
rCorr  .         Harm     .     (gloves unavailable)
MR     .....                    (boots unavailable)
Stlth  +.........               (no amulet)
                                (no ring)
                                n - +3 ring of strength

@: no status effects
A: unfitting armour, tough skin 1
a: no special abilities


You were on level 4 of the Dungeon.
You were not hungry.

You visited 1 branch of the dungeon, and saw 4 of its levels.

You collected 120 gold pieces.

Inventory:

Hand Weapons
 a - a +1 short sword (weapon)
Missiles
 c - 2 large rocks (quivered)
 d - 2 throwing nets
Armour
 b - a +0 robe (worn)
 e - a +0 hat (worn)
 i - a +0 cloak (worn)
Jewellery
 n - a +3 ring of strength (left hand)
Wands
 k - a wand of iceblast (15/15)
Scrolls
 j - 2 scrolls of fog
 m - 2 scrolls of enchant armour {unknown}
 p - 2 scrolls of recharging
 r - a scroll of teleportation
 s - 2 scrolls of enchant weapon
 t - a scroll of immolation {unknown}
Potions
 g - a potion of agility
 h - a potion of heal wounds
 u - a potion of brilliance {unknown}
Comestibles
 f - 4 bread rations
 l - 2 beef jerkies
 q - 3 slices of pizza
 v - a meat ration


   Skills:
 * Level 5.7 Fighting
 - Level 0.4 Short Blades
 + Level 4.9 Throwing
 - Level 1.7 Dodging
 - Level 0.6 Stealth


You had 4 spell levels left.
You didn't know any spells.

Dungeon Overview and Level Annotations

Branches:
Dungeon (4/15)
 Temple: D:4-7

Altars:
Elyvilon
Kikubaaqudgha


Innate Abilities, Weirdness & Mutations

You are too large for most types of armour.
You have tough skin. (AC +1)


Message History

You kill the orc priest!
You have reached level 5!
The orc priest miscasts a cantrip.
The orc priest calls down the wrath of Beogh upon you.
Pain shoots through your body!
The orc priest casts a cantrip, but nothing happens.
You hit the orc priest but do no damage.
The orc priest is severely wounded.
The orc priest hits you but does no damage.
You hit the orc priest but do no damage.
The orc priest is severely wounded.
The orc priest calls down the wrath of Beogh upon you.
Pain shoots through your body!
The orc priest calls upon Beogh to heal the orc priest.
The orc priest calls down the wrath of Beogh upon you.
Pain shoots through your body!
* * * LOW HITPOINT WARNING * * *
The orc priest calls down the wrath of Beogh upon you.
Beogh smites you!
You die...

##..[...##.# #..##
####...#...##.####...####
+...................>...+
####...##.########...####
..######.###.# ######..##
#......## #.# #.......#
#.####.# #.# #.####..#
#.# #.# #.##)...#
###.####@# #.##.##.#
#..o).o..# #.......# ..#
#.#.###### ####.####
.o...#.#.# #.# #.oo(..#
#.#######. ####.###
#......... #. #########.
.. ###


You could see 2 orc priests.

Vanquished Creatures
  An orc priest (D:4)
  A worker ant (D:3)
  2 adders (D:3)
  2 worms
  2 dart slugs (D:1)
  2 leopard geckos
  An orc (D:4)
  3 giant cockroaches
  5 goblins
  10 hobgoblins
  9 kobolds
  A quokka (D:3)
  4 ball pythons
  7 bats
  4 frilled lizards (D:1)
  A leopard gecko skeleton (D:4)
  4 rats
59 creatures vanquished.

Notes
Turn   | Place    | Note
-------+----------+-------------------------------------------
     0 | D:1      | Patate the Ogre Hunter began the quest for the Orb.
     0 | D:1      | Reached XP level 1. HP: 22/22 MP: 1/1
   265 | D:1      | Reached skill level 3 in Fighting
   293 | D:1      | Reached XP level 2. HP: 18/31 MP: 2/2
   984 | D:1      | Reached XP level 3. HP: 37/39 MP: 3/3
  1009 | D:1      | Reached skill level 4 in Fighting
  1275 | D:2      | Found a white marble altar of Elyvilon.
  2214 | D:3      | Reached XP level 4. HP: 49/49 MP: 4/4
  2260 | D:3      | Reached skill level 5 in Fighting
  3002 | D:3      | Found a faded altar of an unknown god.
  3002 | D:3      | Found an ancient bone altar of Kikubaaqudgha.
  3016 | D:3      | Found a faded altar of an unknown god.
  3018 | D:3      | Found a faded altar of an unknown god.
  3019 | D:3      | Found a faded altar of an unknown god.
  3169 | D:4      | Reached XP level 5. HP: 34/59 MP: 5/5
  3174 | D:4      | Killed from afar by an orc priest

Skill      XL: |  1  2  3  4 |
---------------+-------------+-----
Fighting       | 3 4 5 |  5.7
Short Blades   | |  0.4
Throwing       | |  4.9
Dodging        | |  1.7
Stealth        | |  0.6

Action                   |  1- 3 |  4- 6 || total
-------------------------+-------+-------++-------
Melee: Short sword       |    95 |    51 ||   146
Throw: Large rock        |    20 |    19 ||    39
  Use: Scroll            |     8 |     1 ||     9
 Stab: Sleeping          |     4 |       ||     4
  Eat: Chunk             |     3 |     4 ||     7
Armor: Robe              |    20 |    12 ||    32
Dodge: Dodged            |    50 |    31 ||    81
